 Dungeon Crawl Stone Soup version 0.28-a0-1518-gbe868bca14 (webtiles) character file.

Game seed: 1940234634362740708

2294 pokeman the Thaumaturge (level 9, -2/72 HPs)
             Began as a Deep Elf Hedge Wizard on Jan 16, 2022.
             Was an Initiate of Vehumet.
             Slain by a vampire mosquito (3 damage)
             ... on level 7 of the Dungeon.
             The game lasted 00:15:41 (6653 turns).

pokeman the Thaumaturge (Deep Elf Hedge Wizard)     Turns: 6653, Time: 00:15:43

Health: -2/72      AC: 24    Str:  7    XL:     9   Next: 17%
Magic:  23/25      EV:  2    Int: 24    God:    Vehumet [......]
Gold:   330        SH:  0    Dex: 20    Spells: 17/28 levels left

rFire   . . .      SeeInvis .   p - +2 scythe (venom)
rCold   . . .      Faith    .   (shield currently unavailable)
rNeg    . . .      Spirit   .   (armour currently unavailable)
rPois   +          Reflect  .   (helmet currently unavailable)
rElec   .          Harm     .   (cloak currently unavailable)
rCorr   .          Rampage  .   (gloves currently unavailable)
Will    .....      NoTele   +   (boots currently unavailable)
Stlth   +++.......              (no amulet)
HPRegen 0.22/turn               b - +6 ring of dexterity
MPRegen 0.19/turn               B - ring of willpower

@: tree-form, weak-willed
A: stationary, stasis, torment immunity, boosted hp
a: Renounce Religion


You were on level 7 of the Dungeon.
You worshipped Vehumet.
Vehumet was noncommittal.
You were a tree.
You visited 2 branches of the dungeon, and saw 8 of its levels.

You collected 330 gold pieces.

Inventory:

Hand Weapons
 f - a +0 shortbow
 p - a +2 scythe of venom (weapon)
 x - a +0 hand crossbow
Missiles
 a - 107 arrows
 s - 106 bolts
Armour
 c - a +0 hat (melded)
 q - a +0 pair of gloves (melded)
 t - a +0 buckler
 u - a +0 cloak (melded)
 A - a +1 leather armour of positive energy
 C - +0 steam dragon scales (melded)
Jewellery
 b - a +6 ring of dexterity (left branch)
 v - a ring of protection from cold
 B - a ring of willpower (right branch)
Scrolls
 e - 2 scrolls of identify
 h - a scroll of enchant weapon
 k - 2 scrolls of amnesia
 l - 2 scrolls of vulnerability
 n - 2 scrolls of enchant armour {unknown}
 o - 2 scrolls of brand weapon {unknown}
 r - 3 scrolls of blinking {unknown}
 y - a scroll of fog {unknown}
 z - 3 scrolls of teleportation {unknown}
 D - a scroll of noise {unknown}
Potions
 g - a potion of lignification
 j - a potion of heal wounds
 m - 2 potions of curing {unknown}
 w - a potion of brilliance {unknown}


   Skills:
 + Level 1.8 Fighting
 - Level 2.2 Armour
 - Level 3.1 Dodging
 - Level 3.1 Stealth
 - Level 2.0 Shields
 * Level 10.4 Spellcasting
 + Level 7.3 Conjurations
 - Level 1.1 Summonings
 - Level 1.1 Translocations
 + Level 4.1 Fire Magic
 - Level 2.1 Air Magic
 - Level 1.0 Poison Magic


You had 17 spell levels left.
You knew the following spells:

 Your Spells              Type           Power      Damage    Failure   Level
a - Magic Dart            Conj           100%       1d8       1%          1
b - Mephitic Cloud        Conj/Pois/Air  29%        N/A       3%          3
c - Call Imp              Summ           17%        N/A       4%          2
d - Blink                 Tloc           34%        N/A       4%          2
e - Conjure Flame         Conj/Fire      40%        6-21      1%          3

Your spell library contained the following spells:

 Spells                   Type           Power      Damage    Failure   Level
 Slow                     Hex            48%        N/A       4%          1
 Gell's Gravitas          Tloc           17%        N/A       10%         3
 Teleport Other           Tloc           17%        N/A       10%         3
 Confusing Touch          Hex            12%        N/A       16%         3
 Summon Lightning Spire   Summ/Air       20%        N/A       26%         4
 Yara's Violent Unravell  Hex/Tmut       6%         3d5       80%         5
 Dispersal                Tloc           8%         N/A       99%         6
 Enfeeble                 Hex            6%         N/A       100%        7
 Storm Form               Tmut/Air       8%         N/A       100%        7
 Maxwell's Capacitive Co  Air            11%        ∞         100%        8


Dungeon Overview and Level Annotations

Branches:
Dungeon (7/15)             Temple (1/1) D:6

Altars:
Ashenzari
Cheibriados
Elyvilon
Fedhas
Gozag
Hepliaklqana
Kikubaaqudgha
Makhleb
Nemelex Xobeh
Okawaru
Sif Muna
Trog
Uskayaw
Vehumet
Wu Jian
Xom
Yredelemnul

Shops:
D:3 *[

Annotations:
D:5 Book behind cold clouds
D:6 3 runed translucent doors, AigisTheKnight's ghost, novice DsFE


Message History

It is a scroll of identify.
h - a scroll of enchant weapon The vampire mosquito bites you but does no damage.
The bullfrog is engulfed in noxious fumes.
The bullfrog hits you.
* * * LOW HITPOINT WARNING * * *
The bullfrog hits you but does no damage.
The water moccasin closely misses your crimson imp.
The water moccasin bites you but does no damage.
The bullfrog is engulfed in noxious fumes.
The bullfrog appears confused.
The vampire mosquito bites you but does no damage.
Your crimson imp barely misses the water moccasin.
The bullfrog hits you but does no damage.
As you read the scroll labelled FECYSACZYW, it crumbles to dust.
You assume a fearsome visage.
The bullfrog looks frightened!
The water moccasin looks frightened!
The bullfrog looks frightened!
The vampire mosquito is unaffected.
The water moccasin looks frightened!
It was a scroll of fear.
The vampire mosquito bites you but does no damage.
The bullfrog is engulfed in noxious fumes.
The bullfrog appears confused.
Your crimson imp misses the water moccasin.
The vampire mosquito bites you but does no damage.
Unknown command.
As you read the scroll labelled VYTOUXZEIPE, it crumbles to dust.
It is a scroll of amnesia.
Really abort (and waste the scroll)?
Okay, then.
The vampire mosquito barely misses you. The vampire mosquito bites you!
* * * LOW HITPOINT WARNING * * *
The vampire mosquito draws strength from your injuries!
Unknown command.
As you read the scroll labelled KEEPIU BOMNO, it crumbles to dust.
Your attack snaps the water moccasin out of its fear.
Your attack snaps the bullfrog out of its fear.
Your attack snaps the water moccasin out of its fear.
Magic quickly surges around you.
It was a scroll of vulnerability.
The vampire mosquito bites you.
You die...

##############
........#....#
........#....#
........#....#
........#....#
........##..<#
........##†######
..........○°○..S#
##......##.○♣.5.#
##......##..y...#
........##.....#########...
........##.....#...........
.........F.....#...........
............S..#..........
##.##...##.....#........#
#. ######.....#.5......#..
...#...##.....#...........


You could see 2 water moccasins, a vampire mosquito (weak-willed), a bullfrog
(weak-willed) and a friendly crimson imp (summoned, weak-willed).

Vanquished Creatures
  Grinder (D:6)
  Sigmund (D:3)
  A wraith (D:6)
  A steam dragon (D:6)
  Edmund (D:5)
  An orc warrior (D:5)
  2 water moccasins (D:6)
  A sky beast (D:6)
  A black bear (D:4)
  An ogre (D:5)
  A necrophage (D:5)
  A centaur (D:5)
  A bullfrog (D:7)
  2 scorpions
  A wyvern zombie (D:6)
  A centaur zombie (D:5)
  2 bullfrog skeletons (D:6)
  2 orc priests (D:5)
  3 hounds (D:6)
  A centaur skeleton (D:4)
  4 iguanas
  2 orc wizards
  A howler monkey skeleton (D:4)
  6 adders
  An adder zombie (D:5)
  2 adder skeletons (D:4)
  2 worms (D:2)
  2 dart slugs
  14 orcs
  3 bats
  6 endoplasms
  3 giant cockroaches
  7 goblins
  4 hobgoblins
  3 jackals (D:5)
  5 kobolds
  2 quokkas
  6 ball pythons
  2 frilled lizards
  3 rats
104 creatures vanquished.

Vanquished Creatures (others)
  4 plants (D:6)
4 creatures vanquished.

Grand Total: 108 creatures vanquished

Notes
Turn   | Place    | Note
-------+----------+-------------------------------------------
     0 | D:1      | pokeman the Deep Elf Hedge Wizard began the quest for the
                  | Orb.
     0 | D:1      | Reached XP level 1. HP: 10/10 MP: 7/7
   285 | D:1      | Reached XP level 2. HP: 9/15 MP: 1/9
   903 | D:2      | Reached skill level 5 in Spellcasting
  1180 | D:2      | Reached XP level 3. HP: 20/20 MP: 8/11
  1184 | D:2      | Learned a level 3 spell: Mephitic Cloud
  1187 | D:2      | Learned a level 2 spell: Call Imp
  1193 | D:2      | Learned a level 2 spell: Blink
  1197 | D:2      | Learned a level 3 spell: Conjure Flame
  1314 | D:2      | Reached skill level 1 in Fighting
  1314 | D:2      | Reached skill level 1 in Armour
  2089 | D:2      | Reached XP level 4. HP: 25/25 MP: 11/13
  2303 | D:3      | Found Jacuguro's Antique Armour Emporium.
  2406 | D:3      | Noticed Sigmund
  2417 | D:3      | Killed Sigmund
  2418 | D:3      | Reached skill level 5 in Conjurations
  2418 | D:3      | Reached XP level 5. HP: 29/29 MP: 8/15
  2650 | D:3      | Found Deasemoq's Assorted Antiques.
  2789 | D:3      | Reached XP level 6. HP: 33/34 MP: 9/16
  3061 | D:4      | Reached skill level 1 in Fire Magic
  3360 | D:4      | Found a hazy altar of Hepliaklqana.
  3411 | D:4      | Found a blossoming altar of Fedhas.
  3455 | D:4      | Found a bloodstained altar of Trog.
  3664 | D:4      | Reached skill level 6 in Spellcasting
  3671 | D:4      | Reached skill level 1 in Air Magic
  3896 | D:4      | Reached XP level 7. HP: 38/38 MP: 5/18
  4195 | D:5      | Entered Level 5 of the Dungeon
  4209 | D:5      | Reached skill level 1 in Shields
  4210 | D:5      | Reached skill level 7 in Spellcasting
  4499 | D:5      | Reached skill level 1 in Poison Magic
  4509 | D:5      | Reached skill level 8 in Spellcasting
  4610 | D:5      | Found a basalt altar of Yredelemnul.
  4620 | D:5      | Noticed Edmund
  4637 | D:5      | Killed Edmund
  4638 | D:5      | Reached XP level 8. HP: 32/43 MP: 17/22
  4848 | D:5      | Found a broken altar of Ashenzari.
  5279 | D:6      | Reached skill level 9 in Spellcasting
  5416 | D:6      | Noticed Grinder
  5433 | D:6      | Killed Grinder
  5552 | D:6      | Found a staircase to the Ecumenical Temple.
  5568 | Temple   | Entered the Ecumenical Temple
  5659 | Temple   | Became a worshipper of Vehumet
  5711 | D:6      | Reached skill level 10 in Spellcasting
  5711 | D:6      | Reached XP level 9. HP: 47/47 MP: 22/25
  6242 | D:6      | Found a runed translucent gate.
  6242 | D:6      | Found a runed translucent gate.
  6242 | D:6      | Noticed AigisTheKnight's ghost (novice DsFE)
  6242 | D:6      | Noticed a kobold demonologist
  6243 | D:6      | Found a runed translucent gate.
  6353 | D:6      | Found a burning altar of Makhleb.
  6641 | D:7      | HP: 2/48 [vampire mosquito (3)]
  6652 | D:7      | HP: 1/72 [vampire mosquito (8)]
  6653 | D:7      | Slain by a vampire mosquito

Illustrated notes

Levels and vault maps discovered:
D:1:      amcnicky_arrival_choice, layout_basic
D:2:      layout_basic, serial_rivers, chequers_serial_rivers_small_3,
          chequers_serial_rivers_small_b, chequers_serial_rivers_small_3,
          chequers_serial_rivers_micro_b, chequers_serial_rivers_small_3,
          hex_large, minmay_strange_pillars, minmay_misc_feat_enclosed
D:3:      layout_rooms, serial_shops, nicolae_shop_crystal, shop,
          grunt_decor_cap, chequers_avenue, uniq_sigmund
D:4:      layout_loops_cross, worldfamousw_hep_ancestral_shrine,
          lemuel_round_altar, fedhas_altar_2, serial_park_tiny_1,
          minmay_joined_circles
D:5:      lemuel_ice_spiral_2, layout_rooms, cheibrodos_ashenzari_chains,
          yredelemnul_altar_generic, uniq_edmund
D:6:      layout_loops_cross, makhleb_blood_cavern_becter,
          minmay_temple_entry_overgrown, gammafunk_ghost_nasty_kobolds,
          minmay_stone_trees_small, nrook_mini_vaults, uniq_grinder
D:7:      minmay_the_grid_octo_2x2 [minmay_the_grid_octo_checkerflower,
          minmay_the_grid_octo_clover_2, minmay_the_grid_octo_teeth,
          minmay_the_grid_octo_prize_square_snowflake], layout_gridville,
          chequers_serial_rivers_small_a
Temple:   cyrus_circular_temple

Skill      XL: |  1  2  3  4  5  6  7  8  9 |
---------------+----------------------------+-----
Spellcasting   | 5 6 8 10 | 10.4
Fighting       | 1 |  1.8
Armour         | 1 2 |  2.2
Conjurations   | 2 5 6 7 |  7.3
Fire Magic     | 1 3 4 |  4.1
Dodging        | 3 |  3.1
Air Magic      | 1 2 |  2.1
Shields        | 1 2 |  2.0
Stealth        | 3 |  3.1
Poison Magic   | 1 |  1.0
Summonings     | |  1.1
Translocations | |  1.1

Action                   |  1- 3 |  4- 6 |  7- 9 || total
-------------------------+-------+-------+-------++-------
Melee: Mace              |    18 |     4 |       ||    22
       Scythe            |       |    12 |    56 ||    68
 Fire: Hand crossbow     |       |       |    33 ||    33
 Cast: Magic Dart        |    98 |    56 |    67 ||   221
       Mephitic Cloud    |     1 |     5 |    14 ||    20
       Call Imp          |     1 |     1 |     3 ||     5
       Conjure Flame     |       |     2 |    16 ||    18
       Blink             |       |       |     2 ||     2
  Use: Scroll            |       |       |     4 ||     4
       Potion            |       |       |     3 ||     3
 Stab: Sleeping          |       |     1 |       ||     1
       Confused          |       |     1 |     4 ||     5
Armor: Leather armour    |    10 |     8 |    13 ||    31
       Robe              |     1 |       |       ||     1
       Steam dragon scal |       |       |     7 ||     7
       Skin              |       |       |    34 ||    34
Dodge: Dodged            |    23 |    27 |    65 ||   115

Table legend: (Time is in decaauts)
 A = Elapsed time spent in this place.
 B = Non-inter-level travel time spent in this place.
 C = Inter-level travel time spent in this place.
 D = Time resting spent in this place.
 E = Time spent auto-exploring this place.
 F = Levels seen in this place.
 G = Mean time per level.
                   A        B        C        D        E       F      G
               +--------+--------+--------+--------+--------+-----+--------+
         Total |   6750 |   6596 |    154 |     88 |   5565 |   8 |  843.8 |
       Dungeon |   6647 |   6503 |    144 |     88 |   5486 |   7 |  949.6 |
        Temple |    102 |     92 |     10 |      0 |     79 |   1 |  102.0 |
               +--------+--------+--------+--------+--------+-----+--------+

Top non-repeatable levels by time:
     D:6: 1425 daAuts
     D:2: 1418 daAuts
     D:4: 1160 daAuts
     D:5: 895 daAuts
     D:1: 845 daAuts
     D:3: 801 daAuts
  Temple: 102 daAuts
     D:7: 100 daAuts
